TOP OF THE 1ST |
Helena Brewers batting - Pitching for San Diego (APP) Padres : RHP Sam Barbuto
|
Pitching: RHP Sam Barbuto
|
|
Batting: LHB Andy Buschlen
|
0-0: Ball 1-0: Reached on error, E3 (Groundball, 34, EV 85.6 MPH)
|
Batting: RHB Manny Olave
|
0-0: Ball Andy Buschlen steals 2nd base (no throw) 1-0: Ball 2-0: Called Strike 2-1: Ball 3-1: Foul Ball, location: 2F 3-2: Foul Ball, location: 2F 3-2: Foul Ball, location: 2F 3-2: Strikes out looking
|
Batting: RHB Curtis Montgomery
|
0-0: Ball 1-0: Fly out, F3 (Popup, 3, EV 57.5 MPH)
|
Batting: RHB Austin Doig
|
0-0: Swinging Strike 0-1: Ground out 4-3 (Groundball, 4D, EV 102.5 MPH)
|
Top of the 1st over - 0 runs, 0 hits, 1 error, 1 left on base; Helena 0 - San Diego (APP) 0 |
BOTTOM OF THE 1ST |
San Diego (APP) Padres batting - Pitching for Helena Brewers : LHP Hiroshi Matsuda
|
Pitching: LHP Hiroshi Matsuda
|
|
Batting: RHB Alex Collazo
|
0-0: Ball 1-0: Foul Ball, location: 2F 1-1: Foul Ball, location: 2F 1-2: Ball 2-2: Ball 3-2: Foul Ball, location: 2F 3-2: Foul Ball, location: 2F 3-2: Base on Balls
|
Batting: RHB Phil McFadden
|
0-0: Called Strike 0-1: Ball Alex Collazo is caught stealing 2nd base 2-4 1-1: Ball 2-1: Ball 3-1: Base on Balls
|
Batting: RHB Ken Hahn
|
0-0: Ball 1-0: Ball 2-0: Foul Ball, location: 2F 2-1: Ball 3-1: DOUBLE (Flyball, 89XD, EV 97.5 MPH) Phil McFadden to third
|
Batting: LHB Justin Daley
|
0-0: 3-RUN HOME RUN (Flyball, 9D, EV 99.4 MPH), Distance : 385 ft
|
Batting: RHB Norinaga Yamakawakamatsu
|
0-0: Ball 1-0: Ball 2-0: Ball 3-0: Called Strike 3-1: Foul Ball, location: 2F 3-2: Strikes out looking
|
Batting: RHB Max Stillo
|
0-0: Ball 1-0: Ball 2-0: Ball 3-0: Base on Balls
|
Batting: RHB Ed Oake
|
0-0: Called Strike 0-1: Ball 1-1: Swinging Strike 1-2: Ball 2-2: Ball Max Stillo steals 2nd base 3-2: Strikes out looking
|
Bottom of the 1st over - 3 runs, 2 hits, 0 errors, 1 left on base; Helena 0 - San Diego (APP) 3 |
TOP OF THE 2ND |
Helena Brewers batting - Pitching for San Diego (APP) Padres : RHP Sam Barbuto
|
Batting: LHB Jesus Huante
|
0-0: Called Strike 0-1: Called Strike 0-2: Ball 1-2: Strikes out swinging
|
Batting: RHB Frank Pena
|
0-0: Ball 1-0: Ground out 6-3 (Groundball, 6, EV 82.5 MPH)
|
Batting: LHB Jose Simental
|
0-0: Ball 1-0: Ball 2-0: Ball 3-0: Called Strike 3-1: Called Strike 3-2: Base on Balls
|
Batting: RHB Fernando Mejia
|
0-0: Called Strike 0-1: Foul Ball, location: 2F 0-2: Strikes out looking
|
Top of the 2nd over - 0 runs, 0 hits, 0 errors, 1 left on base; Helena 0 - San Diego (APP) 3 |
BOTTOM OF THE 2ND |
San Diego (APP) Padres batting - Pitching for Helena Brewers : LHP Hiroshi Matsuda
|
Batting: RHB Brian DeVoe
|
0-0: SINGLE (Groundball, 4M, EV 104.4 MPH) (infield hit)
|
Batting: LHB Gary Corrales
|
0-0: Called Strike 0-1: Ball 1-1: Swinging Strike 1-2: Strikes out swinging
|
Batting: RHB Alex Collazo
|
0-0: Ball 1-0: Ball Wild Pitch! Brian DeVoe to second 2-0: Ball 3-0: Swinging Strike 3-1: Swinging Strike 3-2: Foul Ball, location: 2F 3-2: Strikes out swinging
|
Batting: RHB Phil McFadden
|
0-0: Ball 1-0: Foul Ball, location: 2F 1-1: Called Strike 1-2: Ball 2-2: Foul Ball, location: 2F 2-2: Ball 3-2: Foul Ball, location: 2F 3-2: Base on Balls
|
Batting: RHB Ken Hahn
|
0-0: Foul Ball, location: 2F 0-1: Ball 1-1: Ball 2-1: DOUBLE (Flyball, 89D, EV 91.2 MPH) Brian DeVoe scores Phil McFadden to third
|
Batting: LHB Justin Daley
|
0-0: DOUBLE (Flyball, 89XD, EV 109.4 MPH) Phil McFadden scores Ken Hahn scores
|
Pitching: LHP Keith Rogers
|
|
Batting: RHB Norinaga Yamakawakamatsu
|
0-0: Ball 1-0: Swinging Strike 1-1: Ball 2-1: Foul Ball, location: 2F 2-2: Ball 3-2: Foul Ball, location: 2F 3-2: Hit by Pitch
|
Batting: RHB Max Stillo
|
0-0: Foul Ball, location: 2F 0-1: Foul Ball, location: 2F 0-2: Fly out, F8 (Flyball, 89M, EV 81.2 MPH)
|
Bottom of the 2nd over - 3 runs, 3 hits, 0 errors, 2 left on base; Helena 0 - San Diego (APP) 6 |
TOP OF THE 3RD |
Helena Brewers batting - Pitching for San Diego (APP) Padres : RHP Sam Barbuto
|
Batting: RHB Mohammed bin Ubaida
|
0-0: Ball 1-0: Ball 2-0: Foul Ball, location: 2F 2-1: Foul Ball, location: 2F 2-2: Ball 3-2: Ground out 6-3 (Groundball, 6, EV 86.9 MPH)
|
Batting: LHB Andy Buschlen
|
0-0: Called Strike 0-1: Ball 1-1: Foul Ball, location: 2F 1-2: Ground out 5-3 (Groundball, 56, EV 89.4 MPH)
|
Batting: RHB Manny Olave
|
0-0: Foul Ball, location: 2F 0-1: Swinging Strike 0-2: Ball 1-2: Ball 2-2: Strikes out swinging
|
Top of the 3rd over - 0 runs, 0 hits, 0 errors, 0 left on base; Helena 0 - San Diego (APP) 6 |
BOTTOM OF THE 3RD |
San Diego (APP) Padres batting - Pitching for Helena Brewers : LHP Keith Rogers
|
Batting: RHB Ed Oake
|
0-0: Ball 1-0: Ball 2-0: Foul Ball, location: 2F 2-1: Ground out 4-3 (Groundball, 4, EV 79.4 MPH)
|
Batting: RHB Brian DeVoe
|
0-0: Ball 1-0: Ball 2-0: Ball 3-0: Base on Balls
|
Batting: LHB Gary Corrales
|
0-0: Swinging Strike 0-1: Ball 1-1: Fly out, F7 (Flyball, 7LS, EV 90.0 MPH)
|
Batting: RHB Alex Collazo
|
0-0: Called Strike 0-1: Ball 1-1: Called Strike 1-2: Ball 2-2: Foul Ball, location: 2F 2-2: Foul Ball, location: 2F 2-2: SINGLE (Line Drive, 89S, EV 102.5 MPH) Brian DeVoe to second
|
Batting: RHB Phil McFadden
|
0-0: Ball 1-0: 3-RUN HOME RUN (Flyball, 9D, EV 93.8 MPH), Distance : 381 ft
|
Batting: RHB Ken Hahn
|
0-0: Ball 1-0: SOLO HOME RUN (Flyball, 7D, EV 94.4 MPH), Distance : 370 ft
|
Batting: LHB Justin Daley
|
0-0: Ball 1-0: Ball 2-0: Ball 3-0: Base on Balls
|
Batting: RHB Norinaga Yamakawakamatsu
|
0-0: Fly out, F6 (Popup, 6, EV 74.4 MPH)
|
Bottom of the 3rd over - 4 runs, 3 hits, 0 errors, 1 left on base; Helena 0 - San Diego (APP) 10 |
TOP OF THE 4TH |
Helena Brewers batting - Pitching for San Diego (APP) Padres : RHP Sam Barbuto
|
Batting: RHB Curtis Montgomery
|
0-0: Ball 1-0: SINGLE (Flyball, 8RS, EV 88.1 MPH)
|
Batting: RHB Austin Doig
|
0-0: Ball 1-0: Ball 2-0: Ball 3-0: Called Strike 3-1: Fly out, F8 (Flyball, 8LD, EV 92.5 MPH)
|
Batting: LHB Jesus Huante
|
0-0: Called Strike 0-1: Swinging Strike 0-2: Ground out 3-1 (Groundball, 13, EV 86.2 MPH) Curtis Montgomery to second
|
Batting: RHB Frank Pena
|
0-0: Foul Ball, location: 2F 0-1: Foul Ball, location: 2F 0-2: Ball 1-2: Foul Ball, location: 2F 1-2: Foul Ball, location: 2F 1-2: Ball 2-2: Foul Ball, location: 2F 2-2: Ground out 5-3 (Groundball, 56, EV 81.2 MPH)
|
Top of the 4th over - 0 runs, 1 hit, 0 errors, 1 left on base; Helena 0 - San Diego (APP) 10 |
BOTTOM OF THE 4TH |
San Diego (APP) Padres batting - Pitching for Helena Brewers : LHP Keith Rogers
|
Batting: RHB Max Stillo
|
0-0: Ball 1-0: Foul Ball, location: 2F 1-1: Ball 2-1: Foul Ball, location: 2F 2-2: Ground out 6-3 (Groundball, 6S, EV 73.1 MPH)
|
Pitching: RHP Angel Pacheco
|
|
Batting: RHB Ed Oake
|
0-0: Ball 1-0: SINGLE (Groundball, 4MD, EV 102.5 MPH)
|
Batting: RHB Brian DeVoe
|
0-0: Foul Ball, location: 2F 0-1: Ball 1-1: Called Strike 1-2: Ball 2-2: Grounds into double play, 3-6-3 (Groundball, 34, EV 108.8 MPH)
|
Bottom of the 4th over - 0 runs, 1 hit, 0 errors, 0 left on base; Helena 0 - San Diego (APP) 10 |
TOP OF THE 5TH |
Helena Brewers batting - Pitching for San Diego (APP) Padres : RHP Sam Barbuto
|
Batting: LHB Jose Simental
|
0-0: Ball 1-0: Ball 2-0: Ball 3-0: Base on Balls
|
Batting: RHB Fernando Mejia
|
0-0: Foul Ball, location: 2F 0-1: Swinging Strike 0-2: Ball 1-2: Foul Ball, location: 2F 1-2: Fly out, F9 (Flyball, 89M, EV 82.5 MPH)
|
Batting: RHB Mohammed bin Ubaida
|
0-0: Ball 1-0: Ball 2-0: Foul Ball, location: 2F 2-1: SINGLE (Line Drive, 6MD, EV 94.4 MPH) Jose Simental to second
|
Batting: LHB Andy Buschlen
|
0-0: Called Strike 0-1: Called Strike 0-2: Ball 1-2: Strikes out looking
|
Batting: RHB Manny Olave
|
0-0: Foul Ball, location: 2F 0-1: Ground out 4-3 (Groundball, 4, EV 86.2 MPH)
|
Top of the 5th over - 0 runs, 1 hit, 0 errors, 2 left on base; Helena 0 - San Diego (APP) 10 |
BOTTOM OF THE 5TH |
San Diego (APP) Padres batting - Pitching for Helena Brewers : RHP Angel Pacheco
|
Batting: LHB Gary Corrales
|
0-0: Ball 1-0: Called Strike 1-1: Ball 2-1: Fly out, F8 (Flyball, 8LS, EV 80.0 MPH)
|
Batting: RHB Alex Collazo
|
0-0: Ball 1-0: Ball 2-0: Ball 3-0: Base on Balls
|
Batting: RHB Phil McFadden
|
0-0: Ball 1-0: Called Strike 1-1: Swinging Strike 1-2: Foul Ball, location: 2F 1-2: 2-RUN HOME RUN (Flyball, 7D, EV 101.2 MPH), Distance : 375 ft
|
Batting: RHB Ken Hahn
|
0-0: DOUBLE (Groundball, 5L, EV 108.1 MPH)
|
Batting: LHB Justin Daley
|
0-0: Ball 1-0: Ball 2-0: Called Strike 2-1: Foul Ball, location: 2F 2-2: Strikes out swinging
|
Batting: RHB Norinaga Yamakawakamatsu
|
0-0: Ball 1-0: Called Strike 1-1: Ball 2-1: Ball 3-1: Base on Balls
|
Batting: RHB Max Stillo
|
0-0: Called Strike 0-1: Ball 1-1: Called Strike 1-2: Strikes out swinging
|
Bottom of the 5th over - 2 runs, 2 hits, 0 errors, 2 left on base; Helena 0 - San Diego (APP) 12 |
TOP OF THE 6TH |
Helena Brewers batting - Pitching for San Diego (APP) Padres : RHP Sam Barbuto
|
Batting: RHB Curtis Montgomery
|
0-0: Foul Ball, location: 2F 0-1: Swinging Strike 0-2: Ball 1-2: Ball 2-2: Ground out 3-1 (Groundball, 34, EV 105.0 MPH)
|
Batting: RHB Austin Doig
|
0-0: Ball 1-0: Fly out, F3 (Popup, 3SF, EV 77.5 MPH)
|
Batting: LHB Jesus Huante
|
0-0: Ball 1-0: Ball 2-0: Called Strike 2-1: Ball 3-1: Called Strike 3-2: Foul Ball, location: 2F 3-2: Base on Balls
|
Pitching: LHP Randy Latendresse
|
|
Batting: RHB Frank Pena
|
0-0: Ball 1-0: Swinging Strike 1-1: Foul Ball, location: 2F 1-2: Ball 2-2: Strikes out looking
|
Top of the 6th over - 0 runs, 0 hits, 0 errors, 1 left on base; Helena 0 - San Diego (APP) 12 |
BOTTOM OF THE 6TH |
San Diego (APP) Padres batting - Pitching for Helena Brewers : RHP Angel Pacheco
|
Batting: RHB Ed Oake
|
0-0: Ball 1-0: Called Strike 1-1: Called Strike 1-2: Ball 2-2: Strikes out looking
|
Batting: RHB Brian DeVoe
|
0-0: Fly out, F8 (Flyball, 8LD, EV 96.9 MPH)
|
Batting: LHB Gary Corrales
|
0-0: Ball 1-0: Ball 2-0: DOUBLE (Line Drive, 9LM, EV 106.2 MPH)
|
Batting: RHB Alex Collazo
|
0-0: Swinging Strike 0-1: Ball 1-1: Ball 2-1: Foul Ball, location: 2F 2-2: Fly out, F3 (Popup, 23F, EV 83.1 MPH)
|
Bottom of the 6th over - 0 runs, 1 hit, 0 errors, 1 left on base; Helena 0 - San Diego (APP) 12 |
TOP OF THE 7TH |
Helena Brewers batting - Pitching for San Diego (APP) Padres : LHP Randy Latendresse
|
Pinch Hitting: RHB Jesus Menjivar
|
0-0: Foul Ball, location: 2F 0-1: Ball 1-1: Ball 2-1: DOUBLE (Groundball, 3L, EV 106.2 MPH)
|
Pinch Hitting: RHB Troy Morin
|
0-0: Ball 1-0: Ball 2-0: Ball 3-0: Base on Balls
|
Batting: RHB Mohammed bin Ubaida
|
0-0: Ball 1-0: Ball 2-0: Ball 3-0: Called Strike 3-1: Foul Ball, location: 2F 3-2: Grounds into double play, 5-4-3 (Groundball, 56, EV 91.9 MPH) Jesus Menjivar to third
|
Pinch Hitting: RHB Daniel Pena
|
0-0: Called Strike 0-1: Ball 1-1: Ball 2-1: Ball 3-1: Base on Balls
|
Pinch Hitting: RHB Dan Mclaren
|
0-0: Ball 1-0: Ball 2-0: Hit by Pitch Daniel Pena to second
|
Batting: RHB Curtis Montgomery
|
0-0: Ball 1-0: Ball 2-0: Foul Ball, location: 2F 2-1: DOUBLE (Line Drive, 78D, EV 108.1 MPH) Jesus Menjivar scores Daniel Pena scores Dan Mclaren to third
|
Batting: RHB Austin Doig
|
0-0: SINGLE (Flyball, 4D, EV 85.0 MPH) Dan Mclaren scores Curtis Montgomery to third Runner from 3rd tries for Home, throw by CF and OUT! 8-2
|
Top of the 7th over - 3 runs, 3 hits, 0 errors, 1 left on base; Helena 3 - San Diego (APP) 12 |
BOTTOM OF THE 7TH |
San Diego (APP) Padres batting - Pitching for Helena Brewers : RHP Angel Pacheco
|
Now at 2B: Troy Morin
|
|
Now at SS: Jesus Menjivar
|
|
Now in CF: Dan Mclaren
|
|
Now in RF: Daniel Pena
|
|
Batting: RHB Phil McFadden
|
0-0: Foul Ball, location: 2F 0-1: Ball 1-1: Ball 2-1: Ball 3-1: Base on Balls
|
Batting: RHB Ken Hahn
|
0-0: Swinging Strike 0-1: Ball 1-1: Foul Ball, location: 2F 1-2: Ball 2-2: Ball 3-2: Base on Balls Phil McFadden to second
|
Pitching: RHP Adam Robinson
|
|
Batting: LHB Justin Daley
|
0-0: Fielders Choice at 2nd, 1-4 (Groundball, 15S, EV 73.8 MPH) Phil McFadden to third
|
Pinch Hitting: RHB Gabriel Diaz
|
0-0: Called Strike 0-1: SINGLE (Line Drive, 56D, EV 101.9 MPH) Phil McFadden scores Justin Daley to second
|
Batting: RHB Max Stillo
|
0-0: Grounds into double play, 1-6-3 (Groundball, 13S, EV 76.9 MPH)
|
Bottom of the 7th over - 1 run, 1 hit, 0 errors, 1 left on base; Helena 3 - San Diego (APP) 13 |
TOP OF THE 8TH |
Helena Brewers batting - Pitching for San Diego (APP) Padres : LHP Randy Latendresse
|
Now in CF: Gabriel Diaz
|
|
Batting: LHB Jesus Huante
|
0-0: Ball 1-0: Called Strike 1-1: Ball 2-1: Foul Ball, location: 2F 2-2: Ball 3-2: Base on Balls
|
Batting: RHB Frank Pena
|
0-0: Ball 1-0: Ball 2-0: Foul Ball, location: 2F 2-1: Swinging Strike 2-2: DOUBLE (Line Drive, 7LM, EV 106.2 MPH) Jesus Huante to third
|
Pitching: RHP Chris Pisor
|
|
Pinch Hitting: LHB Alex Chairez
|
0-0: Foul Ball, location: 2F 0-1: Foul Ball, location: 2F 0-2: Foul Ball, location: 2F 0-2: Ball 1-2: Strikes out swinging
|
Batting: RHB Troy Morin
|
0-0: Ball 1-0: Fly out, F8 (Flyball, 8RD, EV 94.4 MPH) Runner from 3rd tags up, SCORES, throw by CF Frank Pena to third
|
Batting: RHB Mohammed bin Ubaida
|
0-0: Called Strike 0-1: Ball 1-1: Foul Ball, location: 2F 1-2: Ball 2-2: Ground out 5-3 (Groundball, 5L, EV 83.8 MPH)
|
Top of the 8th over - 1 run, 1 hit, 0 errors, 1 left on base; Helena 4 - San Diego (APP) 13 |
BOTTOM OF THE 8TH |
San Diego (APP) Padres batting - Pitching for Helena Brewers : RHP Adam Robinson
|
Now at SS: Alex Chairez
|
|
Batting: RHB Ed Oake
|
0-0: Called Strike 0-1: Ball 1-1: SOLO HOME RUN (Flyball, 78XD, EV 105.6 MPH), Distance : 432 ft
|
Batting: RHB Brian DeVoe
|
0-0: SOLO HOME RUN (Flyball, 7LD, EV 96.9 MPH), Distance : 346 ft
|
Pinch Hitting: RHB Antonio Martinez
|
0-0: Fly out, F7 (Flyball, 7, EV 90.6 MPH)
|
Batting: RHB Alex Collazo
|
0-0: Foul Ball, location: 2F 0-1: Swinging Strike 0-2: Strikes out swinging
|
Batting: RHB Phil McFadden
|
0-0: Foul Ball, location: 2F 0-1: Foul Ball, location: 2F 0-2: Ball 1-2: Foul Ball, location: 2F 1-2: Ball 2-2: Strikes out looking
|
Bottom of the 8th over - 2 runs, 2 hits, 0 errors, 0 left on base; Helena 4 - San Diego (APP) 15 |
TOP OF THE 9TH |
Helena Brewers batting - Pitching for San Diego (APP) Padres : RHP Chris Pisor
|
Now in LF: Gabriel Diaz
|
|
Now in CF: Antonio Martinez
|
|
Batting: RHB Daniel Pena
|
0-0: Foul Ball, location: 2F 0-1: Swinging Strike 0-2: Ball 1-2: Foul Ball, location: 2F 1-2: Ground out 6-3 (Groundball, 6, EV 80.0 MPH)
|
Pinch Hitting: LHB Danny Bautista
|
0-0: Called Strike 0-1: Ball 1-1: Foul Ball, location: 2F 1-2: Strikes out swinging
|
Pinch Hitting: RHB Steve Errico
|
0-0: Called Strike 0-1: Ball 1-1: Ball 2-1: Swinging Strike 2-2: Strikes out swinging
|
Top of the 9th over - 0 runs, 0 hits, 0 errors, 0 left on base; Helena 4 - San Diego (APP) 15 |
|